 Dungeon Crawl Stone Soup version 0.30-a0-1074-g5db6f66fbb (webtiles) character file.

Game seed: 6713787914775154280

1451 pokedragonboy the Destroyer (level 8, 0/61 HPs)
             Began as a Deep Elf Conjurer on Apr 13, 2023.
             Was an Initiate of Vehumet.
             Slain by an ufetubus (3 damage)
             ... on level 6 of the Dungeon.
             The game lasted 00:13:31 (5787 turns).

pokedragonboy the Destroyer (Deep Elf Conjurer)     Turns: 5787, Time: 00:13:32

Health: 0/61       AC: 24    Str:  3 (4)  XL:     8   Next: 47%
Magic:  7/20       EV:  2    Int: 23 (26) God:    Vehumet [......]
Gold:   230        SH:  0    Dex: 12 (13) Spells: 10/21 levels left

rFire   . . .      SeeInvis .    a - +0 dagger (protect)
rCold   + . .      Faith    .    (no shield)
rNeg    . . .      Spirit   .    i - melded +0 robe
rPois   +          Reflect  .    m - melded +1 helmet
rElec   .          Rampage  .    g - melded +1 cloak
rCorr   .          NoTele   +    b - melded +0 pair of gloves
Will    .....                    (boots currently unavailable)
Stlth   ++                       s - amulet of magic regeneration
HPRegen 0.30/turn                y - ring of protection from cold
MPRegen 0.57/turn                (no ring)

@: tree-form, very slightly contaminated
A: stationary, stasis, torment immunity, boosted hp
a: Renounce Religion


You were on level 6 of the Dungeon.
You worshipped Vehumet.
Vehumet was noncommittal.
You were a tree.
You visited 2 branches of the dungeon, and saw 7 of its levels.

You collected 278 gold pieces.
You spent 48 gold pieces at shops.

Inventory:

Hand Weapons
 a - a +0 dagger of protection (weapon)
 e - a +0 whip
Armour
 b - a +0 pair of gloves (melded)
 g - a +1 cloak (melded)
 i - a +0 robe (melded)
 m - a +1 helmet (melded)
Jewellery
 s - an amulet of magic regeneration (around neck)
 y - a ring of protection from cold (left branch)
Wands
 n - a wand of iceblast (10)
 v - a wand of mindburst (11)
Scrolls
 f - 3 scrolls of identify
 h - 3 scrolls of brand weapon
 k - 2 scrolls of amnesia
 l - a scroll of fear
 o - a scroll of teleportation {unknown}
 r - a scroll of enchant weapon {unknown}
 t - 2 scrolls of vulnerability {unknown}
 u - a scroll of magic mapping {unknown}
 w - 2 scrolls of fog {unknown}
Potions
 d - a potion of degeneration
 j - a potion of brilliance {unknown}
 p - a potion of lignification
 q - a potion of berserk rage {unknown}
 x - a potion of attraction {unknown}
 z - a potion of flight {unknown}
 A - 2 potions of ambrosia {unknown}


   Skills:
 - Level 2.4 Dodging
 - Level 2.4 Stealth
 + Level 7.1 Spellcasting
 * Level 9.0 Conjurations
 + Level 6.3 Hexes
 - Level 2.1 Fire Magic
 + Level 2.1 Earth Magic


You had 10 spell levels left.
You knew the following spells:

 Your Spells              Type           Power      Damage    Failure   Level
a - Magic Dart            Conj           100%       1d8       1%          1
b - Searing Ray           Conj           98%        2d8       1%          2
c - Fulminant Prism       Conj/Hex       21%        3d12      3%          4
d - Iskenderun's Mystic   Conj/Tloc      29%        2d7       12%         4

Your spell library contained the following spells:

 Spells                   Type           Power      Damage    Failure   Level
 Dazzling Flash           Conj/Hex       86%        N/A       1%          3
 Leda's Liquefaction      Hex/Erth       13%        N/A       13%         4
 Lee's Rapid Deconstruct  Erth           9%         3d7*      65%         5
 Statue Form              Tmut/Erth      8%         N/A       100%        6


Dungeon Overview and Level Annotations

Branches:
Dungeon (6/15)             Temple (1/1) D:4

Altars:
Ashenzari
Dithmenos
Elyvilon
Fedhas
Hepliaklqana
Makhleb
Qazlal
Sif Muna
Uskayaw
Vehumet
Wu Jian
Yredelemnul

Shops:
D:1 *

Annotations:
D:6 1 transporter, roninjake's ghost, novice GnCj


Message History

The spell is quite dangerous to miscast (10% risk of failure)!
Continue anyway?
You erupt in a blast of force!
The mystic blast hits something.
Something hits you but does no damage.
Casting: Iskenderun's Mystic Blast (quite dangerous; 10% risk of failure)
Confirm with . or Enter, or press ? or * to list all spells.
You can't see any susceptible monsters within range! (Use Z to cast anyway.)
Casting: Iskenderun's Mystic Blast (quite dangerous; 10% risk of failure)
Confirm with . or Enter, or press ? or * to list all spells.
Aiming: Searing Ray (safe; 1% risk of failure)
Press: ? - help, Shift-Dir - straight line You miscast Searing Ray.
You are very lightly contaminated with residual magic.
Nothing appears to happen.
Something hits you but does no damage.
Casting: Searing Ray (safe; 1% risk of failure)
Confirm with . or Enter, or press ? or * to list all spells.
Aiming: Searing Ray (safe; 1% risk of failure)
Press: ? - help, Shift-Dir - straight line (Press . to maintain the ray.)
Something hits you. Something hits you!
* * * LOW HITPOINT WARNING * * *
Something hits you!
* * * LOW HITPOINT WARNING * * *
Unknown command.
As you read the scroll of fear, it crumbles to dust.
You assume a fearsome visage.
It was a potion of lignification.
You turn into a tree.
Your +1 cloak melds into your body.
Your +1 helmet melds into your body.
Your +0 pair of gloves melds into your body.
Your +0 robe melds into your body.
Your roots penetrate the ground.
The ufetubus hits you but does no damage.
The ufetubus hits you.
* * * LOW HITPOINT WARNING * * *
The ufetubus hits you but does no damage. x2
It was a potion of degeneration.
There was something very wrong with that liquid.
You feel weakened.
You feel dopey.
You feel clumsy.
The ufetubus hits you but does no damage.
The ufetubus hits you.
You die...

...#..#... ...#..... ###+#
..o#..#.### ... #####
..W#.....#. ..##8$:8#
..T#.....#.#######.#8....8
..J#.....#<........)......
..s#....###.####♣#.'5.....
.8##........#....5.#8....8
###................##8)$8#
........##..........# ####
...........>.^............
........###..........#####
.......#..+.............
.......#.##...?......###
.......#.##..........#


You could see an ufetubus.

Vanquished Creatures
  Grinder (D:3)
  A water moccasin (D:6)
  An ice beast (D:5)
  A sky beast (D:6)
  2 ogres
  A centaur (D:6)
  A phantom (D:4)
  2 scorpions (D:5)
  A hound (D:4)
  An orc priest (D:4)
  Crazy Yiuf (D:5)
  Jessica (D:3)
  A sleepcap (D:5)
  Ijyb (D:5)
  3 iguanas
  2 orc wizards
  Robin (D:3)
  3 gnolls (D:5)
  9 adders
  A white imp (D:5)
  2 worms
  6 dart slugs
  12 orcs
  5 ball pythons
  4 endoplasms
  6 giant cockroaches
  14 goblins
  9 hobgoblins
  4 jackals (D:3)
  4 quokkas
  2 bats
  7 frilled lizards
  5 kobolds
  5 rats
120 creatures vanquished.

Vanquished Creatures (others)
  4 plants (D:2)
4 creatures vanquished.

Grand Total: 124 creatures vanquished

Notes
Turn   | Place    | Note
-------+----------+-------------------------------------------
     0 | D:1      | pokedragonboy the Deep Elf Conjurer began the quest for the
                  | Orb.
     0 | D:1      | Reached XP level 1. HP: 10/10 MP: 6/6
   333 | D:1      | Reached skill level 1 in Hexes
   333 | D:1      | Reached XP level 2. HP: 15/15 MP: 4/8
   337 | D:1      | Learned a level 2 spell: Searing Ray
   797 | D:1      | Reached skill level 5 in Conjurations
   838 | D:1      | Found Zityicin's General Store.
   856 | D:1      | Bought 2 scrolls of identify for 48 gold pieces
   881 | D:1      | Reached XP level 3. HP: 17/19 MP: 5/10
  1362 | D:2      | Found a faded altar of an unknown god.
  2298 | D:3      | Reached XP level 4. HP: 24/24 MP: 3/11
  2303 | D:3      | Learned a level 4 spell: Fulminant Prism
  2590 | D:3      | Noticed Robin
  2593 | D:3      | Killed Robin
  2918 | D:3      | Noticed Jessica
  2921 | D:3      | Killed Jessica
  3004 | D:3      | Noticed Grinder
  3017 | D:3      | Paralysed by Grinder for 3 turns
  3021 | D:3      | Killed Grinder
  3022 | D:3      | Reached skill level 5 in Spellcasting
  3022 | D:3      | Reached skill level 6 in Conjurations
  3022 | D:3      | Reached XP level 5. HP: 20/28 MP: 0/14
  3022 | D:3      | Reached XP level 6. HP: 23/32 MP: 0/15
  3027 | D:3      | Learned a level 4 spell: Iskenderun's Mystic Blast
  3417 | D:3      | Found a hazy altar of Hepliaklqana.
  3789 | D:4      | Reached skill level 7 in Conjurations
  4288 | D:4      | Found a staircase to the Ecumenical Temple.
  4302 | D:4      | Reached XP level 7. HP: 36/36 MP: 5/17
  4308 | Temple   | Entered the Ecumenical Temple
  4317 | Temple   | Became a worshipper of Vehumet
  4720 | D:5      | Entered Level 5 of the Dungeon
  4728 | D:5      | Reached skill level 5 in Hexes
  4728 | D:5      | Reached skill level 1 in Fire Magic
  4863 | D:5      | Noticed Ijyb
  4871 | D:5      | Killed Ijyb
  4872 | D:5      | Reached skill level 8 in Conjurations
  5283 | D:5      | Found a runed translucent door.
  5284 | D:5      | Noticed Crazy Yiuf
  5364 | D:5      | Reached XP level 8. HP: 41/41 MP: 15/19
  5611 | D:5      | Killed Crazy Yiuf
  5612 | D:5      | Reached skill level 1 in Earth Magic
  5731 | D:6      | Found a transporter.
  5750 | D:6      | Noticed a troll
  5751 | D:6      | Noticed roninjake's ghost (novice GnCj)
  5759 | D:6      | Found a large runed translucent door.
  5759 | D:6      | Found a large runed translucent door.
  5774 | D:6      | Reached skill level 9 in Conjurations
  5786 | D:6      | HP: 3/61 [ufetubus (2)]
  5787 | D:6      | Slain by an ufetubus

Illustrated notes

Levels and vault maps discovered:
D:1:      amcnicky_arrival_blooded_trapdoor, layout_loops_corners, serial_shops,
          nicolae_shop_window_shopping
D:2:      layout_rooms, ebering_ecumenical_altar_mist, serial_forest,
          infiniplex_forest_straight_4, infiniplex_forest_end_2,
          infiniplex_forest_zigzag_2, infiniplex_forest_lined_3_way,
          infiniplex_forest_clump_small, infiniplex_forest_zigzag_1,
          infiniplex_forest_corner_1, infiniplex_forest_lined_2,
          infiniplex_forest_clump_long, infiniplex_forest_clump_curved
D:3:      layout_basic, worldfamousw_hep_ancestral_shrine, uniq_jessica,
          uniq_robin, uniq_grinder
D:4:      layout_rooms, minmay_temple_entry_proselytizer,
          minmay_stone_trees_small
D:5:      layout_loops_ring, uniq_crazy_yiuf_cottage, uniq_ijyb
D:6:      layout_basic, kennysheep_little_box, grunt_gozag_statues,
          nicolae_ru_the_path_less_chosen, lemuel_tele_altar, serial_shops,
          nicolae_shop_window_shopping, cheibrodos_sewer_entry_drain,
          gammafunk_ghost_arena, minmay_hollow_rounded_squares
Temple:   minmay_freezing_vapour_temple

Skill      XL: |  1  2  3  4  5  6  7  8 |
---------------+-------------------------+-----
Hexes          | 1 2 3 4 5 6 |  6.3
Conjurations   | 5 6 7 8 9 |  9.0
Spellcasting   | 5 6 7 |  7.1
Fire Magic     | 2 |  2.1
Earth Magic    | 2 |  2.1
Dodging        | |  2.4
Stealth        | |  2.4

Action                     |  1- 3 |  4- 6 |  7- 9 || total
---------------------------+-------+-------+-------++-------
  Melee: Dagger            |    83 |     4 |       ||    87
   Cast: Magic Dart        |    93 |    60 |    34 ||   187
         Searing Ray       |     7 |    19 |    29 ||    55
         Iskenderun's Myst |       |       |     3 ||     3
    Use: Potion            |     1 |       |     4 ||     5
         Scroll            |     2 |     2 |     2 ||     6
 Armour: Robe              |     3 |     2 |    11 ||    16
         Skin              |       |       |     4 ||     4
  Dodge: Dodged            |     6 |    14 |    21 ||    41

Table legend: (Time is in decaauts)
 A = Elapsed time spent in this place.
 B = Non-inter-level travel time spent in this place.
 C = Inter-level travel time spent in this place.
 D = Time resting spent in this place.
 E = Time spent auto-exploring this place.
 F = Levels seen in this place.
 G = Mean time per level.
                   A        B        C        D        E       F      G
               +--------+--------+--------+--------+--------+-----+--------+
         Total |   5784 |   5656 |    128 |    408 |   4396 |   7 |  826.3 |
       Dungeon |   5769 |   5641 |    128 |    408 |   4396 |   6 |  961.5 |
        Temple |     14 |     14 |      0 |      0 |      0 |   1 |   14.0 |
               +--------+--------+--------+--------+--------+-----+--------+

Top non-repeatable levels by time:
     D:3: 1644 daAuts
     D:1: 1246 daAuts
     D:5: 931 daAuts
     D:4: 923 daAuts
     D:2: 889 daAuts
     D:6: 134 daAuts
  Temple: 14 daAuts
